TOP OF THE 1ST |
San Francisco Giants batting - Pitching for Philadelphia Phillies : LHP David Price
|
Pitching: LHP David Price
|
|
Batting: RHB Dustin Pedroia
|
0-0: Ball 1-0: Called Strike 1-1: Foul Ball, location: 2F 1-2: Ball 2-2: Ball 3-2: Ground out 6-3 (Groundball, 6M)
|
Batting: LHB Jon Jay
|
0-0: Called Strike 0-1: Ball 1-1: Ground out 2-3 (Groundball, 15S)
|
Batting: LHB Anthony Rizzo
|
0-0: Ball 1-0: Ball 2-0: Foul Ball, location: 2F 2-1: Swinging Strike 2-2: Fly out, F4 (Flyball, 34D)
|
Top of the 1st over - 0 runs, 0 hits, 0 errors, 0 left on base; San Francisco 0 - Philadelphia 0 |
BOTTOM OF THE 1ST |
Philadelphia Phillies batting - Pitching for San Francisco Giants : RHP Trevor Williams
|
Pitching: RHP Trevor Williams
|
|
Batting: RHB Delino DeShields Jr.
|
0-0: Bunt for hit - play at first, batter safe!
|
Batting: RHB Todd Frazier
|
0-0: Ball 1-0: Called Strike Delino DeShields Jr. steals 2nd base 1-1: Foul Ball, location: 2F 1-2: Ball 2-2: Foul Ball, location: 2F 2-2: Fly out, F8 (Flyball, 78M)
|
Batting: RHB Giancarlo Stanton
|
0-0: Called Strike 0-1: Swinging Strike 0-2: Strikes out swinging
|
Batting: LHB Justin Bour
|
0-0: Fly out, F6 (Popup, 4MD)
|
Bottom of the 1st over - 0 runs, 1 hit, 0 errors, 1 left on base; San Francisco 0 - Philadelphia 0 |
TOP OF THE 2ND |
San Francisco Giants batting - Pitching for Philadelphia Phillies : LHP David Price
|
Batting: RHB Nelson Cruz
|
0-0: Ball 1-0: Ground out 5-3 (Groundball, 56)
|
Batting: LHB Kyle Seager
|
0-0: Called Strike 0-1: Foul Ball, location: 2F 0-2: Ball 1-2: Ball 2-2: Strikes out swinging
|
Batting: RHB Chris Gimenez
|
0-0: Ball 1-0: Foul Ball, location: 2F 1-1: Ball 2-1: Called Strike 2-2: Foul Ball, location: 2F 2-2: Strikes out swinging
|
Top of the 2nd over - 0 runs, 0 hits, 0 errors, 0 left on base; San Francisco 0 - Philadelphia 0 |
BOTTOM OF THE 2ND |
Philadelphia Phillies batting - Pitching for San Francisco Giants : RHP Trevor Williams
|
Batting: LHB Kole Calhoun
|
0-0: Ball 1-0: Foul Ball, location: 2F 1-1: Foul Ball, location: 2F 1-2: Foul Ball, location: 2F 1-2: SINGLE (Flyball, 7S)
|
Batting: RHB Carson Kelly
|
0-0: Ball 1-0: Called Strike 1-1: Ball 2-1: Ball 3-1: Fly out, F9 (Flyball, 9S)
|
Batting: RHB Scott Kingery
|
0-0: Ball 1-0: Grounds into double play, 6-4-3 (Groundball, 6S)
|
Bottom of the 2nd over - 0 runs, 1 hit, 0 errors, 0 left on base; San Francisco 0 - Philadelphia 0 |
TOP OF THE 3RD |
San Francisco Giants batting - Pitching for Philadelphia Phillies : LHP David Price
|
Batting: RHB Tim Anderson
|
0-0: Foul Ball, location: 2F 0-1: Ball 1-1: Foul Ball, location: 2F 1-2: Strikes out swinging, 2-3 out at first.
|
Batting: LHB Corey Dickerson
|
0-0: Ball 1-0: Hit by Pitch
|
Batting: RHB Trevor Williams
|
0-0: Sac Bunt - play at first, batter OUT! 5-4 Corey Dickerson to second
|
Batting: RHB Dustin Pedroia
|
0-0: Ball 1-0: Ball 2-0: Called Strike 2-1: Called Strike 2-2: Foul Ball, location: 2F 2-2: Foul Ball, location: 2F 2-2: Ball 3-2: Fly out, F7 (Flyball, 7S)
|
Top of the 3rd over - 0 runs, 0 hits, 0 errors, 1 left on base; San Francisco 0 - Philadelphia 0 |
BOTTOM OF THE 3RD |
Philadelphia Phillies batting - Pitching for San Francisco Giants : RHP Trevor Williams
|
Batting: LHB Brett Sullivan
|
0-0: Foul Ball, location: 2F 0-1: Ground out 1-3 (Groundball, 23)
|
Batting: LHB David Price
|
0-0: Ball 1-0: Called Strike 1-1: Foul Ball, location: 2F 1-2: Ball 2-2: Ground out 5-3 (Groundball, 56S)
|
Batting: RHB Delino DeShields Jr.
|
0-0: Called Strike 0-1: Called Strike 0-2: Ball 1-2: Ball 2-2: Strikes out swinging
|
Bottom of the 3rd over - 0 runs, 0 hits, 0 errors, 0 left on base; San Francisco 0 - Philadelphia 0 |
TOP OF THE 4TH |
San Francisco Giants batting - Pitching for Philadelphia Phillies : LHP David Price
|
Batting: LHB Jon Jay
|
0-0: Ball 1-0: Foul Ball, location: 2F 1-1: Foul Ball, location: 2F 1-2: Ball 2-2: Ground out 1-3 (Groundball, 15)
|
Batting: LHB Anthony Rizzo
|
0-0: Ball 1-0: Ball 2-0: Called Strike 2-1: Ball 3-1: Base on Balls
|
Batting: RHB Nelson Cruz
|
0-0: Swinging Strike 0-1: Ball 1-1: Foul Ball, location: 2F 1-2: Strikes out swinging
|
Batting: LHB Kyle Seager
|
0-0: Ball 1-0: Called Strike 1-1: Swinging Strike 1-2: Ground out 4-3 (Groundball, 34D)
|
Top of the 4th over - 0 runs, 0 hits, 0 errors, 1 left on base; San Francisco 0 - Philadelphia 0 |
BOTTOM OF THE 4TH |
Philadelphia Phillies batting - Pitching for San Francisco Giants : RHP Trevor Williams
|
Batting: RHB Todd Frazier
|
0-0: Foul Ball, location: 2F 0-1: Foul Ball, location: 2F 0-2: Fly out, F5 (Line Drive, 5)
|
Batting: RHB Giancarlo Stanton
|
0-0: Ball 1-0: Ball 2-0: Ball 3-0: Ground out 5-3 (Groundball, 56)
|
Batting: LHB Justin Bour
|
0-0: Called Strike 0-1: Swinging Strike 0-2: Foul Ball, location: 2F 0-2: Foul Ball, location: 2F 0-2: Foul Ball, location: 2F 0-2: Ball 1-2: SINGLE (Groundball, 4MD)
|
Batting: LHB Kole Calhoun
|
0-0: Called Strike 0-1: Called Strike 0-2: Foul Ball, location: 2F 0-2: Ball 1-2: Ground out 4-3 (Groundball, 4)
|
Bottom of the 4th over - 0 runs, 1 hit, 0 errors, 1 left on base; San Francisco 0 - Philadelphia 0 |
TOP OF THE 5TH |
San Francisco Giants batting - Pitching for Philadelphia Phillies : LHP David Price
|
Batting: RHB Chris Gimenez
|
0-0: Ground out 6-3 (Groundball, 56)
|
Batting: RHB Tim Anderson
|
0-0: Hit by Pitch
|
Batting: LHB Corey Dickerson
|
0-0: Called Strike 0-1: Fly out, F5 (Popup, 56S)
|
Batting: RHB Trevor Williams
|
0-0: Ground out 5-3 (Groundball, 56S)
|
Top of the 5th over - 0 runs, 0 hits, 0 errors, 1 left on base; San Francisco 0 - Philadelphia 0 |
BOTTOM OF THE 5TH |
Philadelphia Phillies batting - Pitching for San Francisco Giants : RHP Trevor Williams
|
Batting: RHB Carson Kelly
|
0-0: SINGLE (Line Drive, 9S)
|
Batting: RHB Scott Kingery
|
0-0: Swinging Strike 0-1: Swinging Strike 0-2: Ball 1-2: Ball 2-2: Fielders Choice at 2nd, 3-6 (Groundball, 3)
|
Batting: LHB Brett Sullivan
|
0-0: Fly out, F8 (Flyball, 8LM)
|
Batting: LHB David Price
|
0-0: Called Strike 0-1: Ball 1-1: Foul Ball, location: 2F 1-2: Fly out, F8 (Flyball, 8LD)
|
Bottom of the 5th over - 0 runs, 1 hit, 0 errors, 1 left on base; San Francisco 0 - Philadelphia 0 |
TOP OF THE 6TH |
San Francisco Giants batting - Pitching for Philadelphia Phillies : LHP David Price
|
Batting: RHB Dustin Pedroia
|
0-0: Called Strike 0-1: Called Strike 0-2: Ball 1-2: Ball 2-2: Foul Ball, location: 2F 2-2: SINGLE (Line Drive, 34D)
|
Batting: LHB Jon Jay
|
0-0: Ball 1-0: Called Strike 1-1: Fly out, F3 (Popup, 3SF)
|
Batting: LHB Anthony Rizzo
|
0-0: Called Strike 0-1: Foul Ball, location: 2F 0-2: Strikes out swinging
|
Batting: RHB Nelson Cruz
|
0-0: Ball 1-0: SINGLE (Flyball, 7S) Dustin Pedroia to second
|
Batting: LHB Kyle Seager
|
0-0: Foul Ball, location: 2F 0-1: Ground out U3 (Groundball, 34)
|
Top of the 6th over - 0 runs, 2 hits, 0 errors, 2 left on base; San Francisco 0 - Philadelphia 0 |
BOTTOM OF THE 6TH |
Philadelphia Phillies batting - Pitching for San Francisco Giants : RHP Trevor Williams
|
Batting: RHB Delino DeShields Jr.
|
0-0: Ball 1-0: Ground out 4-3 (Groundball, 4)
|
Batting: RHB Todd Frazier
|
0-0: Ball 1-0: Ground out 6-3 (Groundball, 6)
|
Batting: RHB Giancarlo Stanton
|
0-0: Ball 1-0: Ball 2-0: Foul Ball, location: 2F 2-1: Ball 3-1: Base on Balls
|
Batting: LHB Justin Bour
|
0-0: Foul Ball, location: 2F 0-1: Swinging Strike 0-2: Ball 1-2: Foul Ball, location: 2F 1-2: Strikes out swinging
|
Bottom of the 6th over - 0 runs, 0 hits, 0 errors, 1 left on base; San Francisco 0 - Philadelphia 0 |
TOP OF THE 7TH |
San Francisco Giants batting - Pitching for Philadelphia Phillies : LHP David Price
|
Batting: RHB Chris Gimenez
|
0-0: Called Strike 0-1: Ball 1-1: Called Strike 1-2: Ball 2-2: Fly out, F2 (Popup, 2RF)
|
Batting: RHB Tim Anderson
|
0-0: DOUBLE (Line Drive, 9LD)
|
Batting: LHB Corey Dickerson
|
0-0: Foul Ball, location: 2F 0-1: SINGLE (Line Drive, 3D) Tim Anderson to third
|
Batting: RHB Trevor Williams
|
0-0: Called Strike 0-1: Ball 1-1: Swinging Strike 1-2: Strikes out swinging
|
Batting: RHB Dustin Pedroia
|
0-0: Ball 1-0: Called Strike 1-1: Fielders Choice at 2nd, 6-4 (Groundball, 6)
|
Top of the 7th over - 0 runs, 2 hits, 0 errors, 2 left on base; San Francisco 0 - Philadelphia 0 |
BOTTOM OF THE 7TH |
Philadelphia Phillies batting - Pitching for San Francisco Giants : RHP Trevor Williams
|
Batting: LHB Kole Calhoun
|
0-0: Ball 1-0: Ball 2-0: Ball 3-0: Foul Ball, location: 2F 3-1: Foul Ball, location: 2F Error on foul ball, E9 3-2: SINGLE (Line Drive, 89S)
|
Batting: RHB Carson Kelly
|
0-0: Called Strike 0-1: Swinging Strike 0-2: Foul Ball, location: 2F 0-2: Ball 1-2: Ball 2-2: Foul Ball, location: 2F 2-2: Fly out, F7 (Flyball, 7)
|
Pitching: RHP Ryan Tepera
|
|
Batting: RHB Scott Kingery
|
0-0: Fly out, F6 (Line Drive, 6)
|
Batting: LHB Brett Sullivan
|
0-0: Ball 1-0: Fly out, F7 (Line Drive, 7D)
|
Bottom of the 7th over - 0 runs, 1 hit, 1 error, 1 left on base; San Francisco 0 - Philadelphia 0 |
TOP OF THE 8TH |
San Francisco Giants batting - Pitching for Philadelphia Phillies : LHP David Price
|
Batting: LHB Jon Jay
|
0-0: Foul Ball, location: 2F 0-1: Foul Ball, location: 2F 0-2: Ball 1-2: Ball 2-2: Strikes out swinging
|
Pitching: RHP Bryan Shaw
|
|
Batting: LHB Anthony Rizzo
|
0-0: Ball 1-0: Swinging Strike 1-1: Swinging Strike 1-2: Strikes out looking
|
Batting: RHB Nelson Cruz
|
0-0: Ball 1-0: Ball 2-0: Swinging Strike 2-1: SINGLE (Line Drive, 8RS)
|
Batting: LHB Kyle Seager
|
0-0: Swinging Strike 0-1: Foul Ball, location: 2F 0-2: Ball 1-2: Strikes out swinging
|
Top of the 8th over - 0 runs, 1 hit, 0 errors, 1 left on base; San Francisco 0 - Philadelphia 0 |
BOTTOM OF THE 8TH |
Philadelphia Phillies batting - Pitching for San Francisco Giants : RHP Ryan Tepera
|
Pinch Hitting: LHB Nicky Delmonico
|
0-0: Ball 1-0: Ball 2-0: Called Strike 2-1: Ball 3-1: Foul Ball, location: 2F 3-2: SINGLE (Flyball, 8RS)
|
Pitching: RHP Brad Boxberger
|
|
Now in CF: Austin Jackson
|
|
Batting: RHB Delino DeShields Jr.
|
0-0: Called Strike 0-1: Sac Bunt - play at first, batter OUT! 2-4 Nicky Delmonico to second
|
Batting: RHB Todd Frazier
|
0-0: Ball 1-0: Foul Ball, location: 2F 1-1: Ball 2-1: 2-RUN HOME RUN (Line Drive, 8RXD), Distance : 433 ft
|
Batting: RHB Giancarlo Stanton
|
0-0: Called Strike 0-1: Foul Ball, location: 2F 0-2: Foul Ball, location: 2F 0-2: Strikes out swinging
|
Batting: LHB Justin Bour
|
0-0: Ball 1-0: Ball 2-0: Ball 3-0: Called Strike 3-1: Base on Balls
|
Batting: LHB Kole Calhoun
|
0-0: Called Strike 0-1: Ball 1-1: Ground out 4-3 (Groundball, 4)
|
Bottom of the 8th over - 2 runs, 2 hits, 0 errors, 1 left on base; San Francisco 0 - Philadelphia 2 |
TOP OF THE 9TH |
San Francisco Giants batting - Pitching for Philadelphia Phillies : RHP Bryan Shaw
|
Pitching: RHP Nate Jones
|
|
Now in CF: Carlos Tocci
|
|
Batting: RHB Chris Gimenez
|
0-0: Called Strike 0-1: Called Strike 0-2: Foul Ball, location: 2F 0-2: Foul Ball, location: 2F 0-2: Strikes out swinging
|
Batting: RHB Tim Anderson
|
0-0: Ball 1-0: Foul Ball, location: 2F 1-1: Swinging Strike 1-2: Strikes out swinging
|
Batting: LHB Corey Dickerson
|
0-0: Ball 1-0: Swinging Strike 1-1: Foul Ball, location: 2F 1-2: Strikes out swinging
|
Top of the 9th over - 0 runs, 0 hits, 0 errors, 0 left on base; San Francisco 0 - Philadelphia 2 |
|